 Dungeon Crawl Stone Soup version 0.17.2-1-ge4368a0 (webtiles) character file.

184 magog001 the Covert (level 5, -9/38 HPs)
             Began as a Vampire Assassin on Nov 21, 2016.
             Was an Initiate of Nemelex Xobeh.
             Killed by nerve-wracking pain
             ... invoked by Grinder
              (13 damage)
             ... on level 3 of the Dungeon.
             The game lasted 00:10:38 (1543 turns).

magog001 the Covert (Vampire Assassin)              Turns: 1543, Time: 00:10:38

Health: -9/38      AC:  3    Str: 11    XL:     5   Next: 36%
Magic:  5/5        EV: 12    Int: 14    God:    Nemelex Xobeh [......]
Gold:   79         SH:  0    Dex: 15    Spells: 0 memorised, 4 levels left

rFire  . . .     SeeInvis +     a - +2 dagger
rCold  + . .     Clarity  .     f - +0 robe
rNeg   + . .     SustAt   .     (no shield)
rPois  .         Gourm    .     (no helmet)
rElec  .         Spirit   .     d - +0 cloak
rCorr  .         Warding  .     (no gloves)
rMut   .         Stasis   .     (no boots)
MR     .....                    (no amulet)
Stlth  +++++.....               u - ring of ice
                                y - ring of protection from fire

@: not resistant to hostile enchantments, quite stealthy
A: fangs 3, see invisible, unbreathing
a: Bat Form, Renounce Religion


You were on level 3 of the Dungeon.
You worshipped Nemelex Xobeh.
Nemelex Xobeh was noncommittal.
You were not thirsty.

You visited 1 branch of the dungeon, and saw 3 of its levels.

You collected 79 gold pieces.

Inventory:

Hand Weapons
 a - a +2 dagger (weapon)
 b - a +0 blowgun
 e - a +0 hunting sling
Missiles
 h - 64 arrows
 p - 2 javelins (quivered)
 t - a curare-tipped needle
 v - 58 stones
Armour
 c - a +0 robe
 d - a +0 cloak (worn)
 f - a +0 robe (worn)
Jewellery
 u - a ring of ice (right hand)
 y - a ring of protection from fire (left hand)
Scrolls
 i - 2 scrolls of identify {unknown}
 j - 2 scrolls of remove curse {unknown}
 k - 2 scrolls of teleportation {unknown}
 l - a scroll of random uselessness {unknown}
 m - a scroll of enchant armour {unknown}
 o - 2 scrolls of recharging {unknown}
 q - 2 scrolls of magic mapping {unknown}
 s - a scroll of fear {unknown}
Potions
 g - 2 potions of blood
 n - a potion of agility {unknown}
Miscellaneous
 x - a plain deck of war


   Skills:
 + Level 1.8 Fighting
 + Level 2.3 Short Blades
 + Level 2.7 Throwing
 + Level 1.5 Dodging
 + Level 9.0 Stealth


You had 4 spell levels left.
You didn't know any spells.

Dungeon Overview and Level Annotations

Branches:
Dungeon (3/15)

Altars:
Cheibriados
Nemelex Xobeh
Sif Muna
Trog
Xom
The Shining One

Annotations:
D:3 Grinder


Innate Abilities, Weirdness & Mutations

You have razor-sharp teeth.
You have supernaturally acute eyesight.
You can survive without breathing.


Message History

Grinder hits you but does no damage.
You hit Grinder but do no damage.
Grinder is heavily wounded.
Grinder hits you.
* * * LOW HITPOINT WARNING * * *
You closely miss Grinder.
Grinder is heavily wounded.
You hit Grinder but do no damage.
Grinder is heavily wounded.
Grinder hits you.
* * * LOW HITPOINT WARNING * * *
Grinder looks more healthy.
Grinder gestures.
Grinder blinks!
Grinder gestures.
Grinder blinks!
Grinder gestures at you. Pain shoots through your body!
You die...
Your body disappears without a glow.

###+ #.# #....
#.#
#....#######.#
#......5.....#
###+##.#######
#ยง# #.# #.# #
#@# #.##.#
#((..# ######


You could see Grinder.

Vanquished Creatures
  Sigmund (D:2)
  2 worms (D:2)
  A giant cockroach (D:1)
  5 hobgoblins
  3 jackals (D:1)
  3 bats
  2 giant newts
  3 goblins (D:2)
  A kobold (D:2)
  2 rats
23 creatures vanquished.

Vanquished Creatures (others)
  A bat (D:1)
1 creature vanquished.

Grand Total: 24 creatures vanquished

Notes
Turn   | Place    | Note
--------------------------------------------------------------
     0 | D:1      | magog001 the Vampire Assassin began the quest for the Orb.
     0 | D:1      | Reached XP level 1. HP: 16/16 MP: 1/1
   116 | D:1      | Reached skill level 6 in Stealth
   263 | D:1      | Reached XP level 2. HP: 22/22 MP: 2/2
   470 | D:1      | Found a sparkling altar of Nemelex Xobeh.
   481 | D:1      | Became a worshipper of Nemelex Xobeh the Trickster
   728 | D:2      | Found a snail-covered altar of Cheibriados.
   729 | D:2      | Noticed Sigmund
   797 | D:2      | Killed Sigmund
   797 | D:2      | Reached skill level 8 in Stealth
   797 | D:2      | Reached XP level 3. HP: 19/27 MP: 3/3
   797 | D:2      | Reached XP level 4. HP: 23/33 MP: 4/4
   797 | D:2      | Reached XP level 5. HP: 26/38 MP: 5/5
   933 | D:2      | Found a bloodstained altar of Trog.
   937 | D:2      | Found a deep blue altar of Sif Muna.
  1096 | D:2      | Received a gift from Nemelex Xobeh
  1258 | D:2      | Found a glowing golden altar of the Shining One.
  1362 | D:2      | Found a shimmering altar of Xom.
  1395 | D:2      | Reached skill level 9 in Stealth
  1518 | D:3      | Noticed Grinder
  1543 | D:3      | Killed from afar by Grinder

Action                   |  1- 3 |  4- 6 || total
-------------------------+-------+-------++-------
Melee: Dagger            |       |     9 ||     9
 Fire: Blowgun           |    22 |    20 ||    42
Throw: Javelin           |     2 |       ||     2
  Use: Potion            |       |     6 ||     6
 Stab: Sleeping          |     7 |     8 ||    15
       Distracted        |     1 |       ||     1
